 Dungeon Crawl Stone Soup version 0.30-a0-778-g2ef04afb54 (webtiles) character file.

Game seed: 4659196112061841802

9 Smoke131 the Chopper (level 2, -8/31 HPs)
             Began as an Ogre Gladiator on Feb 17, 2023.
             Killed from afar by Natasha (12 damage)
             ... with a puff of flame
             ... on level 1 of the Dungeon.
             The game lasted 00:01:12 (765 turns).

Smoke131 the Chopper (Ogre Gladiator)                Turns: 765, Time: 00:01:13

Health: -8/31      AC:  3    Str: 17    XL:     2   Next: 12%
Magic:  2/2        EV: 10    Int:  9    God:
Gold:   62         SH:  0    Dex: 10    Spells: 1/1 levels left

rFire   . . .      SeeInvis .    a - +0 war axe
rCold   . . .      Faith    .    (no shield)
rNeg    . . .      Spirit   .    b - +0 robe
rPois   .          Reflect  .    c - +0 hat
rElec   .          Harm     .    (no cloak)
rCorr   .          Rampage  .    (gloves unavailable)
Will    .....                    (boots unavailable)
Stlth   +                        (no amulet)
HPRegen 0.25/turn                (no ring)
MPRegen 0.08/turn                (no ring)

@: no status effects
A: large, unfitting armour, tough skin 1
a: no special abilities


You were on level 1 of the Dungeon.
You visited 1 branch of the dungeon, and saw 2 of its levels.

You collected 62 gold pieces.

Inventory:

Hand Weapons
 a - a +0 war axe (weapon)
Missiles
 d - 3 throwing nets (quivered)
 e - a large rock
Armour
 b - a +0 robe (worn)
 c - a +0 hat (worn)
Scrolls
 g - a scroll of fear {unknown}
 i - a scroll of enchant armour {unknown}
Potions
 f - 3 potions of curing {unknown}
 h - a potion of haste {unknown}


   Skills:
 + Level 3.0 Fighting
 - Level 3.0 Axes
 + Level 2.2 Throwing
 + Level 2.8 Dodging
 + Level 0.4 Unarmed Combat


You had one spell level left.
You didn't know any spells.
Your spell library was empty.

Dungeon Overview and Level Annotations

Branches:
Dungeon (2/15)

Altars:

Annotations:
D:1 Natasha


Innate Abilities, Weirdness & Mutations

You are too large for most types of armour.
You have tough skin. (AC +1)


Message History

i - a scroll labelled XATOUJ VUARO
Things that are here:
a +0 whip; a kobold corpse Done exploring.
Done exploring.
There is a stone staircase leading down here.
You climb downwards.
Natasha hisses angrily.
There is a stone staircase leading up here.
You hit Natasha but do no damage. Natasha claws you.
You hit Natasha.
Natasha is moderately wounded.
Natasha claws you.
You closely miss Natasha.
Natasha is moderately wounded.
Natasha claws you!
Natasha zaps a wand.
The puff of flame hits you!
* * * LOW HITPOINT WARNING * * *
You barely miss Natasha.
Natasha is moderately wounded.
Natasha zaps a wand.
The puff of flame misses you. Natasha misses you.
You climb upwards.
There is a stone staircase leading down here.
You closely miss Natasha.
Natasha is moderately wounded.
Natasha barely misses you.
You completely miss Natasha.
Natasha is moderately wounded.
Natasha closely misses you.
Natasha casts a spell.
You completely miss Natasha.
Natasha is moderately wounded.
You closely miss the white imp.
Natasha howls an incantation.
You feel troubled. Natasha closely misses you. The white imp barely misses you.
You closely miss Natasha.
Natasha is moderately wounded.
You hit the white imp.
Natasha zaps a wand.
The puff of flame hits you!
You die...

#.#♣.......♣#........#
#.....♣.♣..♣#.######.#
#......⌠...♣#.# #.#
......♣.♣..♣#.# #.######
###♣......♣♣..# #......#
♣......#♣### ######.#
♣♣......♣####### #.#
#♣♣..♣.<♣...h..# #.#
####.♣♣♣#♣♣#....@.# #.#
...#....##.......5# #.#
...#..............#######.#
#......###............)...###
..##...............###......#
#####.#####........###.#..#.#
#.## ########.##.....#.# #..#
#.##..#.##.#
####>###########.......##.#


You could see Natasha and a white imp (summoned).

Vanquished Creatures
  2 endoplasms (D:1)
  3 hobgoblins (D:1)
  A kobold (D:1)
  A rat (D:1)
7 creatures vanquished.

Notes
Turn   | Place    | Note
-------+----------+-------------------------------------------
     0 | D:1      | Smoke131 the Ogre Gladiator began the quest for the Orb.
     0 | D:1      | Reached XP level 1. HP: 22/22 MP: 1/1
   282 | D:1      | Reached XP level 2. HP: 18/31 MP: 2/2
   755 | D:2      | Noticed Natasha
   765 | D:1      | Killed from afar by Natasha

Illustrated notes

Levels and vault maps discovered:
D:1:      amcnicky_arrival_underground_garden, layout_loops_cross
D:2:      layout_loops_corners, amcnicky_mini_pool_small, uniq_sigmund,
          uniq_natasha, uniq_robin

Skill      XL: |  1 |
---------------+----+-----
Fighting       | 3 |  3.0
Axes           | |  3.0
Throwing       | |  2.2
Dodging        | |  2.8
Unarmed Combat | |  0.4

Action                     || total
---------------------------++-------
  Melee: War axe           ||    29
         Punch             ||     1
 Armour: Robe              ||     5
  Dodge: Dodged            ||    17

Table legend: (Time is in decaauts)
 A = Elapsed time spent in this place.
 B = Non-inter-level travel time spent in this place.
 C = Inter-level travel time spent in this place.
 D = Time resting spent in this place.
 E = Time spent auto-exploring this place.
 F = Levels seen in this place.
 G = Mean time per level.
                   A        B        C        D        E       F      G
               +--------+--------+--------+--------+--------+-----+--------+
         Total |    775 |    716 |     59 |      0 |    603 |   2 |  387.5 |
       Dungeon |    775 |    716 |     59 |      0 |    603 |   2 |  387.5 |
               +--------+--------+--------+--------+--------+-----+--------+

Top non-repeatable levels by time:
     D:1: 768 daAuts
     D:2: 7 daAuts
